 Dungeon Crawl Stone Soup version 0.30-a0-142-g7370640ec8 (webtiles) character file.

Game seed: 16885188795063588510

99 Decritt the Gusty (level 4, -2/26 HPs)
             Began as a Tengu Air Elementalist on Sept 26, 2022.
             Slain by a black bear (4 damage)
             ... on level 2 of the Dungeon.
             The game lasted 00:09:49 (3993 turns).

Decritt the Gusty (Tengu Air Elementalist)          Turns: 3993, Time: 00:09:50

Health: -2/26      AC:  3    Str:  8    XL:     4   Next: 72%
Magic:  4/9        EV: 13    Int: 17    God:
Gold:   109        SH:  0    Dex: 17    Spells: 4/8 levels left

rFire   . . .      SeeInvis .    e - +0 short sword
rCold   + . .      Faith    .    (no shield)
rNeg    + + .      Spirit   .    a - +0 robe
rPois   .          Reflect  .    (helmet restricted)
rElec   .          Harm     .    (no cloak)
rCorr   .          Rampage  .    g - +0 pair of gloves "Roesegi" {rC+ rN++ Dex+2 Stlth-}
Will    .....                    (boots unavailable)
Stlth   +.........               (no amulet)
HPRegen 0.08/turn                (no ring)
MPRegen 0.11/turn                (no ring)

@: no status effects
A: beak, talons 3
a: no special abilities


You were on level 2 of the Dungeon.
You visited 1 branch of the dungeon, and saw 3 of its levels.

You collected 109 gold pieces.

Inventory:

Hand Weapons
 c - a +0 whip
 e - a +0 short sword (weapon)
Missiles
 m - 5 poisoned darts (quivered)
Armour
 a - a +0 robe (worn)
 g - the +0 pair of gloves "Roesegi" (worn) {rC+ rN++ Dex+2 Stlth-}
   (You acquired it on level 3 of the Dungeon)

   Dex:       It affects your dexterity (+2).
   rC:        It protects you from cold.
   rN:        It greatly protects you from negative energy.
   Stlth:     It makes you less stealthy.
Potions
 b - a potion of magic


   Skills:
 + Level 1.8 Fighting
 + Level 3.2 Dodging
 - Level 2.0 Stealth
 + Level 2.7 Spellcasting
 - Level 1.3 Conjurations
 + Level 4.9 Air Magic


You had 4 spell levels left.
You knew the following spells:

 Your Spells              Type           Power      Damage    Failure   Level
a - Shock                 Conj/Air       52%        1d6       4%          1
c - Swiftness             Air            19%        N/A       7%          3

Your spell library contained the following spells:

 Spells                   Type           Power      Damage    Failure   Level
 Static Discharge         Conj/Air       26%        2-4/arc   8%          2
 Airstrike                Air            9%         2d(2-18)  24%         4


Dungeon Overview and Level Annotations

Branches:
Dungeon (3/15)

Altars:


Innate Abilities, Weirdness & Mutations

You have a beak for a mouth.
You have claws for feet.


Message History

The zap misses the black bear.
The black bear closely misses you. The black bear claws you.
* * * LOW HITPOINT WARNING * * *
The black bear closely misses you.
Casting: Shock (safe; 4% risk of failure)
Confirm with . or Enter, or press ? or * to list all spells.
Aiming: Shock (safe; 4% risk of failure)
Press: ? - help, Shift-Dir - straight line, f/p - black bear
Aim: a black bear (77% to hit)
The zap hits the black bear.
The black bear is lightly wounded.
The black bear barely misses you. The black bear closely misses you. x2
Casting: Shock (safe; 4% risk of failure)
Confirm with . or Enter, or press ? or * to list all spells.
Aiming: Shock (safe; 4% risk of failure)
Press: ? - help, Shift-Dir - straight line, f/p - black bear
Aim: a black bear (lightly wounded, 77% to hit)
The zap misses the black bear.
The black bear bites you.
* * * LOW HITPOINT WARNING * * *
The black bear claws you.
* * * LOW HITPOINT WARNING * * *
The black bear claws you but does no damage.
Casting: Shock (safe; 4% risk of failure)
Confirm with . or Enter, or press ? or * to list all spells.
Aiming: Shock (safe; 4% risk of failure)
Press: ? - help, Shift-Dir - straight line, f/p - black bear
Aim: a black bear (lightly wounded, 77% to hit)
The zap hits the black bear.
The black bear is lightly wounded.
The black bear completely misses you. The black bear closely misses you. x2
Casting: Shock (safe; 4% risk of failure)
Confirm with . or Enter, or press ? or * to list all spells.
Aiming: Shock (safe; 4% risk of failure)
Press: ? - help, Shift-Dir - straight line, f/p - black bear
Aim: a black bear (lightly wounded, 77% to hit)
The zap hits the black bear.
The black bear is moderately wounded.
The black bear bites you but does no damage.
The black bear barely misses you. The black bear claws you.
You die...

###.###.#.##.#.# #.#
......#.#.##.#.# #.#
......#.#.##.#'### #.#
......#..........# #.#
......###.##.....# #.#
......###'##.....### #.#
...(...............# #.#
)..................###########.#
................@........).....#
...............h...#############
...................#
...................#
...................#
...................#
...................#
...................#
######.............#


You could see a black bear.

Vanquished Creatures
  3 gnolls (D:2)
  3 adders
  An orc (D:2)
  6 ball pythons
  8 bats
  An endoplasm (D:1)
  A giant cockroach (D:1)
  3 goblins
  3 hobgoblins (D:1)
  3 jackals (D:1)
  5 kobolds (D:1)
  3 quokkas
  4 rats (D:1)
44 creatures vanquished.

Notes
Turn   | Place    | Note
-------+----------+-------------------------------------------
     0 | D:1      | Decritt the Tengu Air Elementalist began the quest for the
                  | Orb.
     0 | D:1      | Reached XP level 1. HP: 10/10 MP: 4/4
   254 | D:1      | Reached XP level 2. HP: 16/16 MP: 0/6
   616 | D:1      | Reached skill level 1 in Fighting
   687 | D:1      | Reached XP level 3. HP: 18/20 MP: 2/7
   744 | D:1      | Found a faded altar of an unknown god.
  1624 | D:1      | Learned a level 3 spell: Swiftness
  2906 | D:2      | Reached XP level 4. HP: 14/25 MP: 0/8
  3811 | D:3      | Identified a scroll of acquirement
  3811 | D:3      | Acquired the +0 pair of gloves "Roesegi" {rC+ rN++ Dex+2
                  | Stlth-}
  3907 | D:3      | Noticed a black bear
  3942 | D:2      | HP: 1/26 [black bear (4)]
  3991 | D:2      | HP: 1/26 [black bear (3)]
  3993 | D:2      | Slain by a black bear

Illustrated notes

Levels and vault maps discovered:
D:1:      spicycebolla_green_bress_n_ham_2, layout_basic,
          shapermc_ecumenical_altar_venn
D:2:      layout_basic, amethyst_killhole
D:3:      layout_basic, mainiacjoe_overflow_two_lobes, slow_altar_1,
          portal_sewer_entry_d, minmay_bisected

Skill      XL: |  1  2  3 |
---------------+----------+-----
Fighting       | 1 |  1.8
Dodging        | 3 |  3.2
Stealth        | |  2.0
Spellcasting   | |  2.7
Conjurations   | |  1.3
Air Magic      | |  4.9

Action                   |  1- 3 |  4- 6 || total
-------------------------+-------+-------++-------
Melee: Unarmed           |     7 |       ||     7
       Peck              |     3 |     2 ||     5
       Whip              |     2 |       ||     2
       Kick              |     3 |       ||     3
       Short sword       |    11 |     2 ||    13
Throw: Dart              |       |     5 ||     5
 Cast: Shock             |    89 |    32 ||   121
       Swiftness         |       |     2 ||     2
  Use: Scroll            |       |     6 ||     6
       Potion            |       |     3 ||     3
Armor: Robe              |    13 |    14 ||    27
Dodge: Dodged            |    41 |    67 ||   108

Table legend: (Time is in decaauts)
 A = Elapsed time spent in this place.
 B = Non-inter-level travel time spent in this place.
 C = Inter-level travel time spent in this place.
 D = Time resting spent in this place.
 E = Time spent auto-exploring this place.
 F = Levels seen in this place.
 G = Mean time per level.
                   A        B        C        D        E       F      G
               +--------+--------+--------+--------+--------+-----+--------+
         Total |   4004 |   3894 |    110 |   1639 |   1669 |   3 | 1334.7 |
       Dungeon |   4004 |   3894 |    110 |   1639 |   1669 |   3 | 1334.7 |
               +--------+--------+--------+--------+--------+-----+--------+

Top non-repeatable levels by time:
     D:1: 2445 daAuts
     D:2: 1412 daAuts
     D:3: 146 daAuts
